 Dungeon Crawl Stone Soup version 0.21-a0-278-ga722497 (webtiles) character file.

21483 stoop the Fighter (level 12, -3/115 HPs)
             Began as a Naga Berserker on Sept 22, 2017.
             Was an Elder of Trog.
             Slain by a six-headed hydra (9 damage)
             ... on level 4 of the Lair of Beasts.
             The game lasted 00:25:07 (15303 turns).

stoop the Fighter (Naga Berserker)                 Turns: 15303, Time: 00:25:07

Health: -3/115     AC: 20    Str: 23    XL:     12   Next: 90%
Magic:  21/21      EV:  8    Int:  9    God:    Trog [****..]
Gold:   627        SH: 13    Dex: 11    Spells: 11/11 levels left

rFire    + . .     SeeInvis +   R - +1 demon blade (elec)
rCold    + + .     Gourm    .   g - +2 shield {AC+3}
rNeg     . . .     Faith    +   T - +4 scale mail
rPois    +         Spirit   .   K - +1 helmet
rElec    .         Reflect  .   A - scarf {rC+ rF+}
rCorr    .         Harm     .   h - +0 pair of gloves
MR       +....                  (no barding)
Stlth    ..........             q - amulet of faith
HPRegen  0.29/turn              v - ring of protection from cold
MPRegen  0.17/turn              e - ring of magical power

@: lethally poisoned (-3 -> -11), very slow
A: see invisible, deformed body, poison resistance, slowness 2, slow metabolism
1, spit poison 1, AC +4
a: Spit Poison, Berserk, Trog's Hand, Brothers in Arms, Burn Spellbooks,
Renounce Religion


You were on level 4 of the Lair of Beasts.
You worshipped Trog.
Trog was greatly pleased with you.
You were near starving.

You visited 2 branches of the dungeon, and saw 15 of its levels.

You collected 759 gold pieces.
You spent 132 gold pieces at shops.

Inventory:

Hand Weapons
 b - a +5 shortbow of freezing
 R - a +1 demon blade of electrocution (weapon)
Missiles
 a - a throwing net (quivered)
Armour
 g - a +2 shield of protection (worn)
 h - a +0 pair of gloves (worn)
 n - a scarf of cloud immunity
 A - a scarf of resistance (worn)
 K - a +1 helmet (worn)
 N - a scarf of repulsion
 T - a +4 scale mail (worn)
Magical Staves
 y - an uncursed staff of poison
Jewellery
 e - a ring of magical power (right hand)
 k - an uncursed amulet of the gourmand
 o - an uncursed amulet of guardian spirit
 q - an amulet of faith (around neck)
 v - a ring of protection from cold (left hand)
Wands
 l - a wand of acid (8/15)
 w - a wand of random effects (20/48)
 z - a wand of random effects (22/48)
 B - a wand of polymorph (8/24)
 C - a wand of lightning (7/15)
 M - a wand of iceblast (12/15)
Scrolls
 f - 5 scrolls of remove curse
 i - a scroll of noise
 p - 8 scrolls of amnesia
 u - 4 scrolls of identify
 E - 2 scrolls of enchant armour
 H - a scroll of recharging
 I - a scroll of fog
 S - a scroll of magic mapping
Potions
 m - 2 potions of brilliance
 r - 5 potions of curing
 D - 2 potions of agility
 F - 2 potions of haste {unknown}
 G - a potion of ambrosia {unknown}
 L - 3 potions of mutation
 Q - 2 potions of magic
Books
 J - a book of Misfortune

   Spells                             Type                      Level
   a - Confusing Touch                Hexes                        1
   b - Confuse                        Hexes                        3
   c - Gell's Gravitas                Translocation                3
   d - Petrify                        Transmutation/Earth          4
   e - Metabolic Englaciation         Hexes/Ice                    5
   f - Yara's Violent Unravelling     Hexes/Transmutation          5
   Trog disapproves of the use of such an item.
Comestibles
 c - 5 bread rations
 j - 4 fruits
 s - 3 royal jellies
 x - 8 meat rations


   Skills:
 - Level 9.6 Fighting
   Level 5.1(7.4) Short Blades
 + Level 8.4(9.0) Long Blades
   Level 6.9 Polearms
 + Level 9.3 Armour
 - Level 1.5 Dodging
 + Level 9.1 Shields


You had 11 spell levels left.
You didn't know any spells.

Dungeon Overview and Level Annotations

Branches:
Dungeon (11/15)            Temple (0/1) D:4            Lair (4/6) D:9
  Snake (0/4) Lair:3
  Swamp: Lair:2-4    Shoals: Lair:2-4       Orc: D:9-12

Altars:
Dithmenos
Gozag
Makhleb
Nemelex Xobeh
Wu Jian

Shops:
D:4 (   D:7 *   D:10 [

Annotations:
D:11 Harold
Lair:3 exclusion: oklob plant


Innate Abilities, Weirdness & Mutations

You cannot wear boots.
Your serpentine skin is tough. (AC +4)
You have supernaturally acute eyesight. (SInv)
Armour fits poorly on your strangely shaped body.
Your system is resistant to poisons. (rPois)
You cover ground very slowly.
You have a slow metabolism.
You can spit poison.


Message History

The six-headed hydra bites you but does no damage.
The six-headed hydra bites you.
* * * LOW HITPOINT WARNING * * *
The six-headed hydra bites you.
* * * LOW HITPOINT WARNING * * *
The six-headed hydra bites you.
* * * LOW HITPOINT WARNING * * *
The six-headed hydra completely misses you.
You block the six-headed hydra's attack.
You block the killer bee's attack. The killer bee stings you.
* * * LOW HITPOINT WARNING * * *
A rime drake and a killer bee come into view.
Unknown command.
* * * LOW HITPOINT WARNING * * *
You feel sick.
The killer bee buzzes angrily.
You block the killer bee's attack.
The six-headed hydra bites you but does no damage.
The six-headed hydra bites you!
You die...

.... .. . ....
.. .. .....#.#
.## ..y..#..##
..P#
......l#.##P....
.......y........
......yD@.....$.
....l..yP#.##..#
.....#y### #
....#.y .. ..#.
..... . ...? .y
. ... ... ...
k..


You could see a six-headed hydra, a komodo dragon, a basilisk, a meliai and 5
killer bees.

Vanquished Creatures
  Josephine (D:11)
  A two-headed ogre (D:8)
  A queen ant (Lair:2)
  A fire crab (Lair:4)
  A manticore (D:11)
  4 spiny frogs
  A rime drake (Lair:1)
  4 komodo dragons
  A polar bear (Lair:2)
  A hornet (D:11)
  A merfolk (D:10)
  2 trolls
  Grinder (D:4)
  3 hippogriffs
  The ghost of Syneil the Cudgeler, an amateur GrGl (D:3)
  4 wraiths (D:11)
  Sigmund (D:3)
  12 yaks
  A wyvern (Lair:1)
  3 hungry ghosts
  5 nagas (Lair:3)
  An acid dragon (D:11)
  2 water moccasins
  8 soldier ants (Lair:2)
  2 hell hounds (D:9)
  3 orc warriors
  A porcupine (Lair:3)
  Duvessa (D:7)
  An ice beast (D:7)
  6 ogres
  2 black bears
  4 sky beasts
  A phantom (D:3)
  16 wolves
  3 necrophages
  6 crocodiles
  A big kobold (D:8)
  A wyvern zombie (D:8)
  14 bullfrogs
  3 gnoll sergeants
  Dowan (D:7)
  3 scorpions
  21 killer bees
  13 wights
  A jelly (D:9)
  3 howler monkeys
  5 crimson imps
  2 quasits
  6 hounds
  6 orc priests
  A bullfrog skeleton (D:11)
  A centaur skeleton (D:7)
  3 iguanas
  A gnoll shaman (D:4)
  7 hell rats (Lair:3)
  10 orc wizards
  20 worker ants
  A worker ant zombie (D:7)
  A howler monkey zombie (D:5)
  17 gnolls
  7 adders
  3 shadow imps
  An ooze (D:3)
  2 worms
  4 dart slugs
  5 leopard geckos
  50 orcs
  6 giant cockroaches
  4 goblins
  6 hobgoblins
  14 jackals
  6 quokkas
  A ball python (D:3)
  10 bats
  6 frilled lizards
  7 kobolds
  6 rats
387 creatures vanquished.

Vanquished Creatures (collateral kills)
  A hydra (Lair:1)
  A phantom (D:8)
  2 killer bees
  An orc priest (D:8)
  A killer bee zombie (D:8)
  An adder (D:8)
  2 orcs (D:8)
9 creatures vanquished.

Vanquished Creatures (others)
  6 fungi
  A plant (Lair:3)
7 creatures vanquished.

Grand Total: 403 creatures vanquished

Notes
Turn   | Place    | Note
-------+----------+-------------------------------------------
     0 | D:1      | stoop the Naga Berserker began the quest for the Orb.
     0 | D:1      | Reached XP level 1. HP: 21/21 MP: 1/1
   300 | D:1      | Reached XP level 2. HP: 28/28 MP: 2/2
   757 | D:1      | Reached XP level 3. HP: 34/34 MP: 3/3
   807 | D:1      | Reached ** piety under Trog
  1333 | D:2      | You fall through a shaft!
  1337 | D:3      | Noticed Syneil's ghost (amateur GrGl)
  1340 | D:3      | Noticed Grinder
  1347 | D:4      | Found a staircase to the Ecumenical Temple.
  1353 | D:4      | Paralysed by Grinder for 3 turns
  1359 | D:4      | Killed Grinder
  1359 | D:4      | Reached skill level 5 in Polearms
  1359 | D:4      | Reached XP level 4. HP: 11/45 MP: 4/4
  1359 | D:4      | Reached XP level 5. HP: 13/51 MP: 5/5
  1359 | D:4      | Reached XP level 6. HP: 15/58 MP: 6/6
  1944 | D:3      | Killed Syneil's ghost
  1944 | D:3      | Reached skill level 5 in Fighting
  1944 | D:3      | Reached XP level 7. HP: 62/67 MP: 7/7
  2292 | D:3      | Reached skill level 1 in Short Blades
  2332 | D:3      | Found a sparkling altar of Nemelex Xobeh.
  2335 | D:3      | Found an opulent altar of Gozag.
  2348 | D:3      | Reached *** piety under Trog
  2525 | D:3      | Noticed Sigmund
  2540 | D:3      | Killed Sigmund
  2540 | D:3      | Reached XP level 8. HP: 51/76 MP: 8/8
  2964 | D:3      | Found an ornate altar of the Wu Jian Council.
  3526 | D:4      | Reached **** piety under Trog
  3585 | D:4      | Found Puifos's Weapon Shop.
  3761 | D:4      | Reached skill level 5 in Short Blades
  3870 | D:5      | Entered Level 5 of the Dungeon
  3952 | D:5      | Found a shadowy altar of Dithmenos.
  3999 | D:5      | Reached skill level 1 in Shields
  4900 | D:6      | Reached XP level 9. HP: 86/86 MP: 9/9
  5158 | D:6      | Found a burning altar of Makhleb.
  5158 | D:6      | Noticed a blizzard demon
  5559 | D:7      | Reached ***** piety under Trog
  5622 | D:7      | Found Qelus's General Store.
  5657 | D:7      | Bought a potion of mutation for 96 gold pieces
  5657 | D:7      | Bought a potion of curing for 36 gold pieces
  6100 | D:7      | Noticed Duvessa
  6100 | D:7      | Noticed Dowan
  6118 | D:7      | Killed Duvessa
  6130 | D:7      | Killed Dowan
  6493 | D:8      | Got a translucent flail
  6494 | D:8      | Identified the +2 flail "Olaise" {flame, *Drain +Inv Dex+4} (You found it on level 8 of the Dungeon)
  6516 | D:8      | Received a gift from Trog
  6516 | D:8      | Reached XP level 10. HP: 94/98 MP: 10/10
  6543 | D:8      | Noticed a two-headed ogre
  6561 | D:8      | Killed a two-headed ogre
  6561 | D:8      | Reached skill level 5 in Armour
  6905 | D:8      | Reached skill level 5 in Shields
  7440 | D:9      | Found a staircase to the Lair.
  7828 | D:9      | Reached skill level 1 in Long Blades
  8041 | D:10     | Entered Level 10 of the Dungeon
  8467 | D:10     | Reached XP level 11. HP: 106/106 MP: 11/11
  8808 | D:10     | Received a gift from Trog
  9117 | D:10     | Found Comuusu's Armour Emporium.
 10252 | D:11     | Noticed Josephine
 10278 | D:11     | Killed Josephine
 10278 | D:11     | Reached skill level 5 in Long Blades
 10410 | D:11     | Noticed a manticore
 10432 | D:11     | Killed a manticore
 10435 | D:11     | Received a gift from Trog
 10621 | D:11     | Noticed Harold
 11292 | Lair:1   | Entered Level 1 of the Lair of Beasts
 11292 | Lair:1   | Noticed a five-headed hydra
 11296 | Lair:1   | Killed a five-headed hydra
 11591 | Lair:1   | Reached XP level 12. HP: 115/115 MP: 12/12
 12493 | Lair:2   | Noticed a queen ant
 12503 | Lair:2   | Killed a queen ant
 13858 | Lair:3   | Found a staircase to the Snake Pit.
 14812 | Lair:3   | Got a pitted war axe {antimagic}
 14813 | Lair:3   | Identified the cursed +1 war axe "Riygil" {antimagic, -Tele rN+ Str+6} (You took it off a naga on level 3 of the Lair of Beasts)
 15297 | Lair:4   | HP: 1/115 [meliai/divine providence (9)]
 15300 | Lair:4   | Noticed a six-headed hydra
 15303 | Lair:4   | Slain by a six-headed hydra

Vault maps used:
D:1:      dpeg_arrival_more_subterranean_lakeside_camping, st_stairs_10,
          amethyst_killhole
D:2:      chequers_ecumenical_altar_simple_redux, uniq_robin, uniq_natasha
D:3:      nicolae_overflow_hidden_temple, first_bread, uniq_grinder,
          uniq_sigmund
D:4:      temple_pool_b, serial_shops, kennysheep_little_box
D:5:      grunt_dithmenos_smoke_and_mirrors
D:6:      makhleb_altar_promises_db
D:7:      serial_shops, nicolae_shop_waterfront, uniq_duvessa
D:9:      minmay_lair_entry_lava
D:10:     serial_shops, shop, hangedman_fish_farm
D:11:     hiddenorc1_lemuel, uniq_josephine, uniq_snorg, uniq_harold
Lair:1:   grunt_megastairs_3
Lair:2:   minmay_another_anthill, serial_bayou_shore_b, lemuel_fruit_fields
Lair:3:   minmay_snake_entry_guardpost_medium, grunt_megastairs_4,
          minmay_lair_oklob_chamber
Lair:4:   hangedman_what_comes_after_a, elwin_shoals_entry_stream,
          kennysheep_basilisk_garden

Skill      XL: |  1  2  3  4  5  6  7  8  9 10 11 12 |
---------------+-------------------------------------+-----
Polearms       | 5 6 |  6.9
Fighting       | 4 5 7 8 9 |  9.6
Short Blades   | 3 5 |  5.1
Armour         | 2 4 6 7 9 |  9.3
Shields        | 2 4 6 7 9 |  9.1
Long Blades    | 3 6 8 |  8.4
Dodging        | |  1.5

Action                   |  1- 3 |  4- 6 |  7- 9 | 10-12 || total
-------------------------+-------+-------+-------+-------++-------
Melee: Spear             |   128 |    59 |    67 |       ||   254
       Short sword       |       |       |   364 |    84 ||   448
       Trident           |       |       |    25 |       ||    25
       Quick blade       |       |       |       |    73 ||    73
       Demon blade       |       |       |       |   714 ||   714
Invok: Berserk           |     1 |     3 |    10 |    22 ||    36
       Burn Spellbooks   |       |       |     3 |       ||     3
       Trog's Hand       |       |       |     1 |     4 ||     5
       Brothers in Arms  |       |       |       |     8 ||     8
 Abil: Spit Poison       |     1 |     1 |     2 |     4 ||     8
  Use: Scroll            |     2 |       |     1 |    26 ||    29
       Potion            |       |       |     6 |     7 ||    13
 Stab: Sleeping          |     1 |       |       |       ||     1
  Eat: Chunk             |     1 |       |    23 |    26 ||    50
       Bread ration      |       |     1 |       |     6 ||     7
Armor: Animal skin       |    43 |     9 |       |       ||    52
       Chain mail        |       |    23 |   209 |    93 ||   325
       Scale mail        |       |       |       |   488 ||   488
Dodge: Dodged            |    29 |    12 |    69 |   311 ||   421
Block: Shield            |    48 |    33 |   238 |   761 ||  1080
       Rpst.: Demon blade |       |       |       |    83 ||    83

Table legend:
 A = Spawn XP
 B = Non-spawn XP
 C = Spawn XP percentage of total XP
 D = Spawn monster count
 E = Non-spawn monster count
 F = Spawn count percentage of total count
 G = Total turns spent on level
                    A         B        C        D         E        F      G
               +---------+---------+-------+---------+---------+-------+---------
         Total |       0 |   30691 |   0.0 |       0 |     396 |   0.0 | 15303
               +---------+---------+-------+---------+---------+-------+---------
           D:1 |       0 |      40 |   0.0 |       0 |      23 |   0.0 |   930
           D:2 |       0 |      21 |   0.0 |       0 |       5 |   0.0 |   403
           D:3 |       0 |     820 |   0.0 |       0 |      36 |   0.0 |  1043
           D:4 |       0 |     898 |   0.0 |       0 |      34 |   0.0 |  1494
           D:5 |       0 |     316 |   0.0 |       0 |      19 |   0.0 |   819
           D:6 |       0 |     876 |   0.0 |       0 |      23 |   0.0 |   861
           D:7 |       0 |    1657 |   0.0 |       0 |      25 |   0.0 |   926
           D:8 |       0 |    1767 |   0.0 |       0 |      24 |   0.0 |   857
           D:9 |       0 |    1680 |   0.0 |       0 |      25 |   0.0 |   891
          D:10 |       0 |    3965 |   0.0 |       0 |      45 |   0.0 |  2278
          D:11 |       0 |    4658 |   0.0 |       0 |      46 |   0.0 |   790
        Lair:1 |       0 |    3514 |   0.0 |       0 |      15 |   0.0 |   999
        Lair:2 |       0 |    3640 |   0.0 |       0 |      28 |   0.0 |  1208
        Lair:3 |       0 |    4070 |   0.0 |       0 |      30 |   0.0 |  1401
        Lair:4 |       0 |    2769 |   0.0 |       0 |      18 |   0.0 |   403
               +---------+---------+-------+---------+---------+-------+---------
